IL
SALT LAKE BEES @ BUFFALO BISONS
07/29/2044
 
TOP OF THE 1ST
Salt Lake Bees batting - Pitching for Buffalo Bisons : RHP Zack Rust
Pitching: RHP Zack Rust
Batting: RHB Justin Lauderdale 0-0: Foul Ball, location: 2F
0-1: Ball
1-1: Foul Ball, location: 2F
1-2: Ball
2-2: Reached on error, E6 (Groundball, 6, EV 86.9 MPH)
Batting: RHB Reginald McDougall 0-0: Ball
Justin Lauderdale steals 2nd base
1-0: Foul Ball, location: 2F
1-1: Ball
2-1: Foul Ball, location: 2F
2-2: Ball
3-2: Strikes out swinging
Batting: RHB Andres Mendiola 0-0: Ball
1-0: Fly out, F8 (Line Drive, 8RM, EV 90.6 MPH)
Batting: LHB Matt Patnaude 0-0: Ball
1-0: Ball
2-0: Called Strike
2-1: Swinging Strike
2-2: Ground out 4-3 (Groundball, 4, EV 97.5 MPH)
Top of the 1st over - 0 runs, 0 hits, 1 error, 1 left on base; Salt Lake 0 - Buffalo 0
BOTTOM OF THE 1ST
Buffalo Bisons batting - Pitching for Salt Lake Bees : RHP Chris Wood
Pitching: RHP Chris Wood
Batting: RHB Danny Burnside 0-0: Ball
1-0: Ball
2-0: Swinging Strike
2-1: Foul Ball, location: 2F
2-2: Strikes out swinging
Batting: LHB Josh Stuck 0-0: Ground out 4-3 (Groundball, 4, EV 87.5 MPH)
Batting: LHB Michael Byrd 0-0: Ball
1-0: Ball
2-0: Foul Ball, location: 2F
2-1: Ball
3-1: Base on Balls
Batting: RHB Ryan Kinkead 0-0: Ball
Michael Byrd is caught stealing 2nd base 2-4
Bottom of the 1st over - 0 runs, 0 hits, 0 errors, 0 left on base; Salt Lake 0 - Buffalo 0
TOP OF THE 2ND
Salt Lake Bees batting - Pitching for Buffalo Bisons : RHP Zack Rust
Batting: RHB Guillermo Mojica 0-0: Ground out 6-3 (Groundball, 56D, EV 96.2 MPH)
Batting: RHB Cesar Ortega 0-0: Called Strike
0-1: Ground out 4-3 (Groundball, 4M, EV 82.5 MPH)
Batting: SHB Brendan Bundy 0-0: Called Strike
0-1: Ball
1-1: Ball
2-1: Foul Ball, location: 2F
2-2: Ball
3-2: Foul Ball, location: 2F
3-2: Strikes out looking
Top of the 2nd over - 0 runs, 0 hits, 0 errors, 0 left on base; Salt Lake 0 - Buffalo 0
BOTTOM OF THE 2ND
Buffalo Bisons batting - Pitching for Salt Lake Bees : RHP Chris Wood
Batting: RHB Ryan Kinkead 0-0: Foul Ball, location: 2F
0-1: Swinging Strike
0-2: Hit by Pitch
Batting: LHB Yoshinari Nara 0-0: Ball
1-0: Ball
2-0: Ball
3-0: Called Strike
3-1: Fly out, F8 (Flyball, 78XD, EV 91.9 MPH)
Batting: RHB Alex Ramos 0-0: Foul Ball, location: 2F
0-1: Ball
1-1: Ball
2-1: Foul Ball, location: 2F
2-2: Ball
3-2: Foul Ball, location: 2F
3-2: Fielders Choice at 2nd, 1-6 (Groundball, 13S, EV 70.0 MPH)
Batting: LHB Tso-lin Fen 0-0: Ball
1-0: Called Strike
1-1: Ball
Alex Ramos is caught stealing 2nd base 2-6
Bottom of the 2nd over - 0 runs, 0 hits, 0 errors, 0 left on base; Salt Lake 0 - Buffalo 0
TOP OF THE 3RD
Salt Lake Bees batting - Pitching for Buffalo Bisons : RHP Zack Rust
Batting: RHB Ryan Marler 0-0: Hit by Pitch
Batting: SHB Ivan Barry 0-0: Ball
1-0: Ground out 5-3 (Groundball, 5S, EV 68.8 MPH)
Ryan Marler to second
Batting: RHB Justin Lauderdale 0-0: Called Strike
0-1: Ball
1-1: Ball
2-1: Ball
3-1: Ground out 6-3 (Groundball, 6, EV 107.5 MPH)
Batting: RHB Reginald McDougall 0-0: Ball
1-0: Foul Ball, location: 2F
1-1: Fly out, F7 (Flyball, 7, EV 90.0 MPH)
Top of the 3rd over - 0 runs, 0 hits, 0 errors, 1 left on base; Salt Lake 0 - Buffalo 0
BOTTOM OF THE 3RD
Buffalo Bisons batting - Pitching for Salt Lake Bees : RHP Chris Wood
Batting: LHB Tso-lin Fen 0-0: Ball
1-0: Fly out, F8 (Flyball, 8LS, EV 90.6 MPH)
Batting: RHB John Loving 0-0: Ball
1-0: Ground out 5-3 (Groundball, 56, EV 81.9 MPH)
Batting: RHB Mike Strey 0-0: SINGLE (Flyball, 78S, EV 98.1 MPH)
Batting: RHB Danny Burnside 0-0: Ball
1-0: Called Strike
1-1: SINGLE (Groundball, 6M, EV 94.4 MPH)
Mike Strey to second
Runner from 2nd tries for 3rd, SAFE, throw by CF made to third
Danny Burnside to second
Batting: LHB Josh Stuck 0-0: Foul Ball, location: 2F
0-1: Called Strike
0-2: Strikes out looking
Bottom of the 3rd over - 0 runs, 2 hits, 0 errors, 2 left on base; Salt Lake 0 - Buffalo 0
TOP OF THE 4TH
Salt Lake Bees batting - Pitching for Buffalo Bisons : RHP Zack Rust
Batting: RHB Andres Mendiola 0-0: Foul Ball, location: 2F
0-1: Called Strike
0-2: Hit by Pitch
Batting: LHB Matt Patnaude 0-0: Called Strike
0-1: Ball
1-1: Called Strike
1-2: Strikes out looking
Batting: RHB Guillermo Mojica 0-0: Ball
1-0: Fly out, F8 (Flyball, 8RXD, EV 111.2 MPH)
Batting: RHB Cesar Ortega 0-0: Called Strike
0-1: DOUBLE (Flyball, 8LXD, EV 90.6 MPH)
Andres Mendiola to third
Runner from 3rd tries for Home, SAFE, throw by CF to trailing runner, SAFE at third!
Batting: SHB Brendan Bundy 0-0: Called Strike
0-1: Swinging Strike
0-2: Ground out 5-3 (Groundball, 56, EV 107.5 MPH)
Top of the 4th over - 1 run, 1 hit, 0 errors, 1 left on base; Salt Lake 1 - Buffalo 0
BOTTOM OF THE 4TH
Buffalo Bisons batting - Pitching for Salt Lake Bees : RHP Chris Wood
Batting: LHB Michael Byrd 0-0: Ball
1-0: Swinging Strike
1-1: Foul Ball, location: 2F
1-2: Strikes out swinging
Batting: RHB Ryan Kinkead 0-0: Called Strike
0-1: Foul Ball, location: 2F
0-2: Ball
1-2: Foul Ball, location: 2F
1-2: Hit by Pitch
Batting: LHB Yoshinari Nara 0-0: Ball
1-0: Ball
2-0: Ball
3-0: Called Strike
3-1: Called Strike
3-2: Base on Balls
Ryan Kinkead to second
Batting: RHB Alex Ramos 0-0: SINGLE (Flyball, 3D, EV 95.6 MPH)
Ryan Kinkead to third
Yoshinari Nara to second
Batting: LHB Tso-lin Fen 0-0: Called Strike
0-1: Ball
1-1: Foul Ball, location: 2F
1-2: Strikes out swinging
Batting: RHB John Loving 0-0: Fielders Choice at 2nd, 6-4 (Groundball, 6, EV 108.1 MPH)
Bottom of the 4th over - 0 runs, 1 hit, 0 errors, 3 left on base; Salt Lake 1 - Buffalo 0
TOP OF THE 5TH
Salt Lake Bees batting - Pitching for Buffalo Bisons : RHP Zack Rust
Batting: RHB Ryan Marler 0-0: Ball
1-0: SINGLE (Groundball, 6MD, EV 96.2 MPH)
Batting: SHB Ivan Barry 0-0: Ball
1-0: Ball
2-0: Foul Ball, location: 2F
2-1: Called Strike
2-2: Strikes out looking
Batting: RHB Justin Lauderdale 0-0: Called Strike
0-1: Ball
1-1: Foul Ball, location: 2F
1-2: Ball
2-2: Ground out 6-3 (Groundball, 4MS, EV 71.2 MPH)
Ryan Marler to second
Batting: RHB Reginald McDougall 0-0: Called Strike
0-1: Ball
1-1: Ground out 5-3 (Groundball, 56S, EV 83.8 MPH)
Top of the 5th over - 0 runs, 1 hit, 0 errors, 1 left on base; Salt Lake 1 - Buffalo 0
BOTTOM OF THE 5TH
Buffalo Bisons batting - Pitching for Salt Lake Bees : RHP Chris Wood
Batting: RHB Mike Strey 0-0: SINGLE (Line Drive, 4M, EV 96.9 MPH)
Batting: RHB Danny Burnside 0-0: Ball
1-0: Fly out, F9 (Flyball, 89M, EV 84.4 MPH)
Batting: LHB Josh Stuck 0-0: Foul Ball, location: 2F
0-1: Swinging Strike
0-2: Ball
1-2: SINGLE (Groundball, 4MD, EV 85.6 MPH) (infield hit)
Mike Strey to second
Batting: LHB Michael Byrd 0-0: Ball
1-0: Ball
2-0: Fielders Choice at 2nd, 5-4 (Groundball, 56, EV 100.6 MPH)
Mike Strey to third
Batting: RHB Ryan Kinkead 0-0: Called Strike
0-1: Ball
1-1: Ball
2-1: Foul Ball, location: 2F
2-2: Ball
Wild Pitch!
Mike Strey scores
Michael Byrd to second
3-2: SINGLE (Groundball, 4S, EV 71.2 MPH) (infield hit)
Michael Byrd to third
Pitching: LHP Matt Barr
Pinch Hitting: RHB Danny Heyer 0-0: Ball
1-0: Fielders Choice at 2nd, 6-4 (Groundball, 6, EV 80.6 MPH)
Bottom of the 5th over - 1 run, 3 hits, 0 errors, 2 left on base; Salt Lake 1 - Buffalo 1
TOP OF THE 6TH
Salt Lake Bees batting - Pitching for Buffalo Bisons : RHP Zack Rust
Now in RF: Tony Rosas
Batting: RHB Andres Mendiola 0-0: Ground out 1-3 (Groundball, 13S, EV 67.5 MPH)
Batting: LHB Matt Patnaude 0-0: Ball
1-0: DOUBLE (Line Drive, 89XD, EV 103.1 MPH)
Batting: RHB Guillermo Mojica 0-0: Ground out 3-1 (Groundball, 34S, EV 86.2 MPH)
Matt Patnaude to third
Batting: RHB Cesar Ortega 0-0: Foul Ball, location: 2F
0-1: DOUBLE (Flyball, 8RXD, EV 95.6 MPH)
Matt Patnaude scores
Batting: SHB Brendan Bundy 0-0: Called Strike
0-1: Ball
1-1: Ball
2-1: Swinging Strike
2-2: Foul Ball, location: 2F
2-2: Foul Ball, location: 2F
2-2: Strikes out swinging
Top of the 6th over - 1 run, 2 hits, 0 errors, 1 left on base; Salt Lake 2 - Buffalo 1
BOTTOM OF THE 6TH
Buffalo Bisons batting - Pitching for Salt Lake Bees : LHP Matt Barr
Batting: RHB Alex Ramos 0-0: Ball
1-0: Swinging Strike
1-1: Foul Ball, location: 2F
1-2: Ball
2-2: Foul Ball, location: 2F
2-2: Foul Ball, location: 2F
2-2: Ground out 5-3 (Groundball, 56, EV 98.8 MPH)
Batting: RHB Fraco Munoz 0-0: Ball
1-0: Called Strike
1-1: Single, Error in OF, E7, batter to second base (Line Drive, 56, EV 97.5 MPH)
Batting: RHB John Loving 0-0: Swinging Strike
0-1: Ball
1-1: Swinging Strike
1-2: Foul Ball, location: 2F
1-2: Ball
2-2: Foul Ball, location: 2F
2-2: Ball
3-2: Base on Balls
Batting: RHB Mike Strey 0-0: Grounds into double play, 4-6-3 (Groundball, 4, EV 88.8 MPH)
Bottom of the 6th over - 0 runs, 1 hit, 1 error, 1 left on base; Salt Lake 2 - Buffalo 1
TOP OF THE 7TH
Salt Lake Bees batting - Pitching for Buffalo Bisons : RHP Zack Rust
Batting: RHB Ryan Marler 0-0: Ball
1-0: Ground out 5-3 (Groundball, 5S, EV 71.9 MPH)
Batting: SHB Ivan Barry 0-0: Called Strike
0-1: Ground out 4-3 (Groundball, 4, EV 80.0 MPH)
Batting: RHB Justin Lauderdale 0-0: Called Strike
0-1: Swinging Strike
0-2: Foul Ball, location: 2F
0-2: Strikes out swinging
Top of the 7th over - 0 runs, 0 hits, 0 errors, 0 left on base; Salt Lake 2 - Buffalo 1
BOTTOM OF THE 7TH
Buffalo Bisons batting - Pitching for Salt Lake Bees : LHP Matt Barr
Pitching: RHP Kirk Thacker
Batting: RHB Danny Burnside 0-0: Called Strike
0-1: Fly out, F9 (Flyball, 9, EV 88.1 MPH)
Batting: LHB Josh Stuck 0-0: DOUBLE (Line Drive, 9LS, EV 109.4 MPH)
Batting: LHB Michael Byrd 0-0: Called Strike
0-1: Ball
1-1: Ground out 6-3 (Groundball, 6, EV 108.1 MPH)
Batting: RHB Ryan Kinkead 0-0: Ball
1-0: Ball
2-0: Ball
3-0: Base on Balls
Batting: RHB Tony Rosas 0-0: Fly out, F8 (Flyball, 8RD, EV 95.0 MPH)
Bottom of the 7th over - 0 runs, 1 hit, 0 errors, 2 left on base; Salt Lake 2 - Buffalo 1
TOP OF THE 8TH
Salt Lake Bees batting - Pitching for Buffalo Bisons : RHP Zack Rust
Batting: RHB Reginald McDougall 0-0: Ball
1-0: Swinging Strike
1-1: Ball
2-1: Ball
3-1: Foul Ball, location: 2F
3-2: Ground out 6-3 (Groundball, 56, EV 105.0 MPH)
Batting: RHB Andres Mendiola 0-0: Ball
1-0: Ball
2-0: Ball
3-0: Hit by Pitch
Batting: LHB Matt Patnaude 0-0: Ball
1-0: Swinging Strike
1-1: SINGLE (Flyball, 9LM, EV 85.6 MPH)
Andres Mendiola to second
Pitching: RHP Chase Schlong
Batting: RHB Guillermo Mojica 0-0: Called Strike
Andres Mendiola is caught stealing 3rd base 2-5
Matt Patnaude to second
0-1: Ball
1-1: Ground out 6-3 (Groundball, 6, EV 90.0 MPH)
Top of the 8th over - 0 runs, 1 hit, 0 errors, 1 left on base; Salt Lake 2 - Buffalo 1
BOTTOM OF THE 8TH
Buffalo Bisons batting - Pitching for Salt Lake Bees : RHP Kirk Thacker
Pitching: RHP Jake Bruen
Batting: RHB Alex Ramos 0-0: Swinging Strike
0-1: Swinging Strike
0-2: Ball
1-2: Ball
2-2: Ball
3-2: SOLO HOME RUN (Flyball, 7LD, EV 95.6 MPH), Distance : 332 ft
Batting: RHB Fraco Munoz 0-0: Ball
1-0: Ball
2-0: Ball
3-0: Foul Ball, location: 2F
3-1: Called Strike
3-2: Foul Ball, location: 2F
3-2: Foul Ball, location: 2F
3-2: Base on Balls
Batting: RHB John Loving 0-0: Ball
1-0: Sac Bunt to 2L - play at first, batter OUT! 2-4
Fraco Munoz to second
Batting: RHB Mike Strey 0-0: Ball
1-0: Ball
2-0: Called Strike
2-1: Ground out U3 (Groundball, 3S, EV 87.5 MPH)
Fraco Munoz to third
Batting: RHB Danny Burnside 0-0: Foul Ball, location: 2F
0-1: Called Strike
0-2: SINGLE (Groundball, 56S, EV 69.4 MPH) (infield hit)
Fraco Munoz scores
Batting: LHB Josh Stuck 0-0: Ball
Danny Burnside steals 2nd base (no throw)
1-0: SINGLE (Groundball, P, EV 85.6 MPH) (infield hit)
Danny Burnside to third
Batting: LHB Michael Byrd 0-0: Reached on error, E6 (Groundball, 6, EV 94.4 MPH)
Danny Burnside scores
Josh Stuck to second
Pitching: RHP Ben Sedlacek
Batting: RHB Ryan Kinkead 0-0: Ball
1-0: Foul Ball, location: 2F
1-1: Ball
2-1: Called Strike
2-2: DOUBLE (Groundball, 5L, EV 105.6 MPH)
Josh Stuck scores
Michael Byrd to third
Runner from 3rd tries for Home, SAFE, no throw by LF
Batting: RHB Tony Rosas 0-0: Ball
1-0: Foul Ball, location: 2F
1-1: Ball
2-1: Foul Ball, location: 2F
2-2: Ball
3-2: Strikes out swinging
Bottom of the 8th over - 5 runs, 4 hits, 1 error, 1 left on base; Salt Lake 2 - Buffalo 6
TOP OF THE 9TH
Salt Lake Bees batting - Pitching for Buffalo Bisons : RHP Chase Schlong
Batting: RHB Cesar Ortega 0-0: Ball
1-0: Called Strike
1-1: Swinging Strike
1-2: Strikes out swinging
Batting: SHB Brendan Bundy 0-0: Ground out 5-3 (Groundball, 56, EV 85.0 MPH)
Batting: RHB Ryan Marler 0-0: Ball
1-0: Swinging Strike
1-1: Swinging Strike
1-2: Strikes out swinging
Top of the 9th over - 0 runs, 0 hits, 0 errors, 0 left on base; Salt Lake 2 - Buffalo 6
Thursday, March 31st , 2022 - OOTP Baseball 22.12 Build 89